 Dungeon Crawl Stone Soup version 0.28-a0-622-gbaef9634d7 (webtiles) character file.

Game seed: 13497292207720462828

12754 robertstho the Thaumaturge (level 12, 0/86 HPs)
             Began as a Djinni Fire Elementalist on Oct 7, 2021.
             Was an Initiate of Gozag.
             Killed from afar by an ice dragon (79 damage)
             ... with a blast of cold
             ... on level 1 of the Lair of Beasts.
             The game lasted 00:17:20 (14800 turns).

robertstho the Thaumaturge (DjFE)                  Turns: 14800, Time: 00:17:21

Health: 0/86       AC:  4    Str: 11    XL:     12   Next: 24%
Gold:   1216       EV: 11    Int: 27    God:    Gozag SH:  7 Dex: 17

rFire   + + +      SeeInvis .   f - +1 dagger (protect)
rCold   x . .      Faith    .   w - +0 kite shield {rF+}
rNeg    . . .      Spirit   .   y - +0 robe of the Realm of Zot {Str+4 Dex+2 Slay+3}
rPois   ∞          Reflect  .   (no helmet)
rElec   .          Harm     .   (no cloak)
rCorr   .          Rampage  .   D - +0 pair of gloves
Will    ++...                   (boots unavailable)
Stlth   +++.......              (no amulet)
HPRegen 0.24/turn               b - +6 ring of intelligence
MPRegen 0.00/turn               p - ring of willpower

@: flying
A: sickness immunity, fire resistance 2, cold vulnerability 1, float, innate
caster, hp casting, extra vitality 1
a: Renounce Religion, Potion Petition, Call Merchant, Bribe Branch


You were on level 1 of the Lair of Beasts.
You worshipped Gozag.
Gozag was most pleased with you.
You visited 3 branches of the dungeon, and saw 11 of its levels.

You collected 1779 gold pieces.
You spent 495 gold pieces at shops.
You paid 68 gold pieces to Gozag.

Inventory:

Hand Weapons
 f - a +1 dagger of protection (weapon)
 g - a +1 short sword of holy wrath
Missiles
 d - a throwing net
Armour
 w - a +0 kite shield of fire resistance (worn)
 y - the +0 robe of the Realm of Zot (worn) {Str+4 Dex+2 Slay+3}
   (You found it on level 6 of the Dungeon)

   Str:       It affects your strength (+4).
   Dex:       It affects your dexterity (+2).
   Slay:      It affects your accuracy & damage with ranged weapons and melee
   (+3).
 D - a +0 pair of gloves (worn)
Jewellery
 b - a +6 ring of intelligence (left hand)
 p - a ring of willpower (right hand)
Wands
 l - a wand of acid (14)
 q - a wand of charming (6)
 x - a wand of mindburst (13)
 B - a wand of digging (6)
Scrolls
 c - a scroll of enchant armour
 i - 5 scrolls of teleportation {unknown}
 k - a scroll of enchant weapon
 m - 4 scrolls of magic mapping
 n - 3 scrolls of immolation
 s - a scroll of fear
 u - 4 scrolls of blinking
 C - a scroll of vulnerability {unknown}
Potions
 a - a potion of heal wounds
 e - 4 potions of ambrosia
 h - 4 potions of haste
 j - 2 potions of might
 o - 4 potions of flight
 r - a potion of mutation
 t - 10 potions of curing
 v - 2 potions of brilliance
 z - 2 potions of berserk rage
 A - a potion of cancellation


   Skills:
 * Level 7.6 Fighting
 + Level 1.3 Short Blades
 * Level 7.5 Armour
 + Level 3.9 Dodging
 + Level 4.0 Stealth
 + Level 11.5 Spellcasting


You had 6 spell levels left.
You knew the following spells:

 Your Spells              Type           Power      Damage    Failure   Level
a - Foxfire               Conj/Fire      100%       2x1d9     1%          1
b - Scorch                Fire           100%       2d10      1%          2
c - Conjure Flame         Conj/Fire      67%        6-21      1%          3
d - Inner Flame           Hex/Fire       67%        N/A       1%          3
e - Flame Wave            Conj/Fire      67%        3d12      2%          4
f - Beastly Appendage     Tmut           100%       N/A       1%          1
g - Poisonous Vapours     Pois/Air       100%       N/A       1%          2
h - Spider Form           Tmut/Pois      33%        N/A       1%          3
i - Airstrike             Air            33%        N/A       2%          4
j - Alistair's Intoxicat  Tmut/Pois      44%        N/A       6%          5
Your spell library was empty.

Dungeon Overview and Level Annotations

Branches:
Dungeon (9/15)             Temple (1/1) D:4            Lair (1/6) D:8
    Orc (0/2) D:9

Altars:
Ashenzari
Cheibriados
Dithmenos
Elyvilon
Fedhas
Gozag
Hepliaklqana
Kikubaaqudgha
Makhleb
Nemelex Xobeh
Okawaru
Qazlal
Ru
Sif Muna
Trog
Uskayaw
Vehumet
Wu Jian
Xom
Yredelemnul
Zin
The Shining One

Shops:
D:7 (


Innate Abilities, Weirdness & Mutations

You are immune to sickness and miasma.
You are immune to poison.
Your flesh is very heat resistant. (rF++)
You are vulnerable to cold. (rC-)
You float through the air rather than walking.
You learn spells naturally, not from books.
Your magical power is your life essence.
You have superior vitality. (+4 HP)


Message History

You continue putting on your +0 pair of gloves. x4
You finish putting on your +0 pair of gloves.
Casting: Flame Wave (safe; 1% risk of failure)
Confirm with . or Enter, or press ? or * to list all spells.
Okay, then.
You start putting on your armour.
You continue putting on your +0 kite shield of fire resistance. x4
You finish putting on your +0 kite shield of fire resistance.
You feel resistant to fire.
Casting: Flame Wave (dangerous; 2% risk of failure)
Confirm with . or Enter, or press ? or * to list all spells.
Okay, then.
An ice dragon comes into view.
Found 27 gold pieces.
An ice dragon is nearby!
An ice dragon is nearby!
An ice dragon is nearby!
An ice dragon is nearby!
An ice dragon is nearby!
Casting: Flame Wave (dangerous; 2% risk of failure)
Confirm with . or Enter, or press ? or * to list all spells.
Aiming: Airstrike (dangerous; 2% risk of failure)
Press: ? - help, Dir - move target, f - ice dragon
Aim: an ice dragon (asleep, empty space bonus: 5/8)
The air twists around and strikes the ice dragon!
The ice dragon roars deafeningly!
The ice dragon is lightly wounded.
Unknown command.
Casting: Airstrike (dangerous; 2% risk of failure)
Confirm with . or Enter, or press ? or * to list all spells.
Aiming: Airstrike (dangerous; 2% risk of failure)
Press: ? - help, Dir - move target, f/p - ice dragon
Aim: an ice dragon (lightly wounded, empty space bonus: 8/8)
The air twists around and strikes the ice dragon!
The ice dragon is moderately wounded.
The ice dragon breathes frost at you. The blast of cold hits you!!!!
You feel a terrible chill!
Ouch! That really hurt!
You die...
Your body crumbles into a pile of gold.

#.#
#..####.##
##.#
##.###...#
#..#
#.....#.##
##..##
#####.#.P#
##....##
#####.....#
#......#
#..........
##......#
##.###.....
#.......##
### #.....
#......@.#
###.##
#≈≈......#
### ####.
#≈≈≈.....#
##.####.##.
#≈≈≈≈○..≈#
#..........
#≈.≈○≈≈≈≈#
#.##.######
#..D≈≈≈≈≈#
######
#...≈≈≈≈≈#
#..$$≈≈###
$$


You could see an ice dragon (catching breath).

Vanquished Creatures
  A hydra (Lair:1)
  A two-headed ogre (D:9)
  A deep elf pyromancer (D:7)
  Maggie (D:9)
  Joseph (D:8)
  2 cane toads (Lair:1)
  2 komodo dragons (Lair:1)
  3 trolls
  A queen bee (Lair:1)
  4 blink frogs (Lair:1)
  A shadow (D:9)
  19 yaks
  A steam dragon (D:6)
  An acid dragon (D:9)
  A water moccasin (Lair:1)
  2 sky beasts
  2 ice beasts (D:7)
  4 necrophages (D:7)
  3 ogres (D:5)
  4 wolves (D:8)
  A centaur (D:8)
  A kobold brigand (D:7)
  A bullfrog (D:8)
  2 wyvern zombies (D:6)
  A gnoll sergeant (D:8)
  2 scorpions
  A water moccasin zombie (D:7)
  A wyvern skeleton (D:6)
  A water moccasin skeleton (D:4)
  6 wights (D:7)
  28 killer bees
  4 electric eels
  2 centaur zombies
  A jelly (D:5)
  A human zombie (D:7)
  A gnoll shaman (D:6)
  4 orc priests
  A centaur skeleton (D:7)
  5 hounds
  An iguana (D:5)
  A scorpion zombie (D:5)
  7 orc wizards
  2 killer bee zombies (D:7)
  4 hound zombies
  2 mummies (D:7)
  A hound skeleton (D:4)
  11 gnolls
  A howler monkey skeleton (D:7)
  7 adders
  A shadow imp (D:7)
  An ufetubus (D:5)
  3 adder zombies (D:4)
  An adder skeleton (D:4)
  2 worms
  4 dart slugs
  18 orcs
  12 ball pythons
  6 endoplasms
  7 goblins
  4 hobgoblins
  10 jackals
  4 quokkas
  7 bats
  2 frilled lizards
  8 kobolds
  4 rats
  A spectral goblin (D:8)
251 creatures vanquished.

Vanquished Creatures (collateral kills)
  5 foxfires
5 creatures vanquished.

Vanquished Creatures (others)
  453 foxfires
  3 fungi (Lair:1)
  5 plants (Lair:1)
  2 withered plants (D:4)
463 creatures vanquished.

Grand Total: 719 creatures vanquished

Notes
Turn   | Place    | Note
-------+----------+-------------------------------------------
     0 | D:1      | robertstho the Djinni Fire Elementalist began the quest for
                  | the Orb.
     0 | D:1      | Reached XP level 1. HP: 15/15 MP: 0/0
   268 | D:1      | Reached XP level 2. HP: 18/22 MP: 0/0
   697 | D:1      | Reached skill level 1 in Fighting
  1087 | D:1      | Found a faded altar of an unknown god.
  1123 | D:1      | Reached XP level 3. HP: 23/27 MP: 0/0
  1123 | D:1      | Learned a level 1 spell: Beastly Appendage
  1226 | D:1      | You are sucked into a shaft and drop 1 floor!
  2248 | D:3      | Reached skill level 3 in Spellcasting
  2299 | D:3      | Found a blossoming altar of Fedhas.
  2310 | D:3      | Reached skill level 1 in Armour
  2310 | D:3      | Reached XP level 4. HP: 15/32 MP: 0/0
  2911 | D:3      | Reached XP level 5. HP: 21/38 MP: 0/0
  2911 | D:3      | Learned a level 2 spell: Poisonous Vapours
  4056 | D:4      | Found a staircase to the Ecumenical Temple.
  4707 | D:4      | Found a white marble altar of Elyvilon.
  4822 | Temple   | Entered the Ecumenical Temple
  4978 | D:4      | Reached XP level 6. HP: 39/43 MP: 0/0
  5036 | D:4      | Reached skill level 4 in Spellcasting
  5680 | D:5      | Entered Level 5 of the Dungeon
  5680 | D:5      | Noticed an ogre
  5687 | D:5      | HP: 2/45 [ogre (23)]
  6083 | D:5      | Reached XP level 7. HP: 43/49 MP: 0/0
  6083 | D:5      | Learned a level 3 spell: Spider Form
  6589 | D:5      | Found an opulent altar of Gozag.
  6597 | D:5      | Became a worshipper of Gozag Ym Sagoz the Greedy
  6728 | D:5      | Reached skill level 5 in Spellcasting
  6736 | D:5      | Reached XP level 8. HP: 32/56 MP: 0/0
  6945 | D:5      | Found an iron altar of Okawaru.
  7035 | D:5      | Found a shimmering altar of Xom.
  7038 | D:5      | Found an ornate altar of the Wu Jian Council.
  7038 | D:5      | Found a hide-covered altar of Uskayaw.
  7399 | D:6      | Reached skill level 6 in Spellcasting
  7758 | D:6      | Identified the +0 robe of the Realm of Zot {Str+4 Dex+2
                  | Slay+3}
  8027 | D:6      | Reached XP level 9. HP: 48/62 MP: 0/0
  8027 | D:6      | Learned a level 4 spell: Airstrike
  8218 | D:6      | Found a bloodstained altar of Trog.
  8319 | D:7      | Reached skill level 7 in Spellcasting
  8585 | D:7      | Noticed a troll
  8591 | D:7      | Killed a troll
  8957 | D:7      | Reached skill level 5 in Fighting
  9020 | D:7      | Found a basalt altar of Yredelemnul.
  9032 | D:7      | Reached skill level 8 in Spellcasting
  9304 | D:7      | Reached XP level 10. HP: 51/70 MP: 0/0
  9470 | D:7      | Reached skill level 5 in Armour
  9760 | D:7      | Found Vevoo's Antique Weapon Emporium.
  9843 | D:7      | Found Hak Qept's Distillery.
  9901 | D:7      | Bought a potion of might for 44 gold pieces
  9901 | D:7      | Bought a potion of haste for 110 gold pieces
  9901 | D:7      | Bought a potion of curing for 33 gold pieces
  9901 | D:7      | Bought a potion of berserk rage for 55 gold pieces
  9901 | D:7      | Bought a potion of flight for 33 gold pieces
  9901 | D:7      | Bought a potion of heal wounds for 55 gold pieces
  9901 | D:7      | Bought a potion of curing for 33 gold pieces
  9901 | D:7      | Bought 3 potions of curing for 99 gold pieces
  9901 | D:7      | Bought a potion of curing for 33 gold pieces
 10176 | D:7      | Noticed a deep elf pyromancer
 10180 | D:7      | Killed a deep elf pyromancer
 10536 | D:8      | Reached skill level 9 in Spellcasting
 10867 | D:8      | Found a staircase to the Lair.
 11216 | D:8      | Noticed Joseph
 11229 | D:8      | Killed Joseph
 11532 | D:8      | Found a hazy altar of Hepliaklqana.
 11594 | D:9      | Reached XP level 11. HP: 73/78 MP: 0/0
 11594 | D:9      | Learned a level 5 spell: Alistair's Intoxication
 11599 | D:9      | Reached skill level 10 in Spellcasting
 11603 | D:9      | Noticed Maggie
 11610 | D:9      | Killed Maggie
 12197 | D:9      | Reached skill level 1 in Short Blades
 12475 | D:9      | Noticed a two-headed ogre
 12480 | D:9      | Killed a two-headed ogre
 12625 | D:9      | Found a staircase to the Orcish Mines.
 12884 | Lair:1   | Entered Level 1 of the Lair of Beasts
 13553 | Lair:1   | Noticed a seven-headed hydra
 13560 | Lair:1   | Killed a seven-headed hydra
 14051 | Lair:1   | Reached skill level 11 in Spellcasting
 14149 | Lair:1   | Reached XP level 12. HP: 59/85 MP: 0/0
 14798 | Lair:1   | Noticed an ice dragon
 14800 | Lair:1   | Killed from afar by an ice dragon

Illustrated notes

Levels and vault maps discovered:
D:1:      giann_horns, layout_loops_ring, shapermc_ecumenical_altar_flowoftime
D:2:      layout_rooms, small_statue_intersection
D:3:      layout_basic, fedhas_altar_1, kennysheep_cross_room
D:4:      layout_gridville, overflow_temple_1_default,
          minmay_temple_entry_purple_smoke, serial_undead, serial_undead_b,
          serial_undead_a, serial_undead_f, serial_undead_b,
          minmay_misc_feat_tower
D:5:      layout_loops_ring, mainiacjoe_overflow_paths, okawaru_gym_becter,
          chequers_temple_overflow_statue_of_worship
D:6:      layout_rooms, mainiacjoe_overflow_cross_hatched, hex_intersection
D:7:      layout_basic, lemuel_mausoleum_altar_yredelemnul, serial_shops,
          nicolae_stop_n_shop_1, nicolae_shop_behind_doors,
          guppyfry_early_elven_hall
D:8:      layout_cave_pools, nicolae_hepliaklqana_monster_ancestors,
          erik_lair_island, uniq_joseph
D:9:      minmay_flawed_box, layout_loops_corners,
          eino_small_chamber_without_monster, uniq_maggie
Temple:   minmay_temple_bridge_abc
Lair:1:   dragon1_lemuel, layout_loops_ring, special_room [special_room_bee],
          serial_bayou_pond_b, grunt_megastairs_4, serial_bayou_shore_a

Skill      XL: |  1  2  3  4  5  6  7  8  9 10 11 |
---------------+----------------------------------+-----
Fighting       | 1 2 3 4 5 6 7 |  7.6
Spellcasting   | 3 4 5 6 8 9 11 | 11.5
Armour         | 1 2 3 4 5 7 |  7.5
Stealth        | 2 3 4 |  4.0
Dodging        | 3 |  3.9
Short Blades   | 1 |  1.3

Action                   |  1- 3 |  4- 6 |  7- 9 | 10-12 || total
-------------------------+-------+-------+-------+-------++-------
Melee: Dagger            |       |    14 |     6 |     9 ||    29
 Cast: Foxfire           |    88 |    69 |    23 |    87 ||   267
       Scorch            |       |    53 |   109 |    39 ||   201
       Flame Wave        |       |     2 |     4 |    24 ||    30
       Poisonous Vapours |       |       |       |     1 ||     1
       Airstrike         |       |       |       |    37 ||    37
Evoke: Wand              |       |     1 |       |       ||     1
  Use: Scroll            |       |       |       |    13 ||    13
       Potion            |       |       |       |     2 ||     2
 Stab: Sleeping          |       |     1 |       |     1 ||     2
Armor: Robe              |     1 |    18 |     4 |     6 ||    29
Dodge: Dodged            |    11 |    52 |    32 |    28 ||   123

Table legend: (Time is in decaauts)
 A = Elapsed time spent in this place.
 B = Non-inter-level travel time spent in this place.
 C = Inter-level travel time spent in this place.
 D = Time resting spent in this place.
 E = Time spent auto-exploring this place.
 F = Levels seen in this place.
 G = Mean time per level.
                   A        B        C        D        E       F      G
               +--------+--------+--------+--------+--------+-----+--------+
         Total |  14800 |  14374 |    426 |   1676 |  11274 |  11 | 1345.5 |
       Dungeon |  12748 |  12352 |    396 |   1465 |   9605 |   9 | 1416.4 |
        Temple |    136 |    112 |     24 |      0 |    104 |   1 |  136.0 |
          Lair |   1915 |   1909 |      6 |    211 |   1565 |   1 | 1915.0 |
               +--------+--------+--------+--------+--------+-----+--------+

Top non-repeatable levels by time:
     D:7: 2339 daAuts
  Lair:1: 1915 daAuts
     D:4: 1794 daAuts
     D:3: 1635 daAuts
     D:1: 1499 daAuts
     D:5: 1403 daAuts
     D:9: 1285 daAuts
     D:8: 991 daAuts
     D:2: 917 daAuts
     D:6: 881 daAuts
  Temple: 136 daAuts
